 Dungeon Crawl Stone Soup version 0.31-a0-632-g766dd24fdf (webtiles) character file.

Game seed: 6610541290459799138

142 Sabo the Covered (level 5, -5/48 HPs)
             Began as an Armataur Fighter on Aug 25, 2023.
             Killed by nerve-wracking pain
             ... invoked by Menkaure
              (9 damage)
             ... on level 4 of the Dungeon.
             The game lasted 00:13:34 (2841 turns).

Sabo the Covered (Armataur Fighter)                 Turns: 2841, Time: 00:13:35

Health: -5/48      AC: 12    Str: 23    XL:     5   Next: 4%
Magic:  5/5        EV:  7    Int:  9    God:
Gold:   920        SH:  5    Dex: 15    Spells: 4/4 levels left

rFire   . . .        a - +0 war axe (heavy)
rCold   x . .        c - +0 buckler
rNeg    . . .        v - +2 robe "Rahexkol" {rC- Dex+6}
rPois   .            m - +0 helmet
rElec   .            (no cloak)
rCorr   .            (no gloves)
SInv    .            l - +0 barding
Will    .....        f - amulet of regeneration
Stlth   ++           (no ring)
HPRegen 1.08/turn    (no ring)
MPRegen 0.09/turn

%: roll
@: no status effects
A: large, rugged brown scales 3, deformed body, armoured tail, roll, long
tongue, awkward tongue
a: no special abilities


You were on level 4 of the Dungeon.
You visited 1 branch of the dungeon, and saw 4 of its levels.

You collected 920 gold pieces.

Inventory:

Hand Weapons
 a - a +0 heavy war axe (weapon)
 p - a +0 war axe
 s - a +0 arbalest
Missiles
 g - 6 javelins
 n - 4 poisoned darts
 u - a boomerang
Armour
 b - a +0 scale mail
 c - a +0 buckler (worn)
 l - a +0 barding (worn)
 m - a +0 helmet (worn)
 v - the +2 robe "Rahexkol" (worn) {rC- Dex+6}
   (You took it off an orc on level 3 of the Dungeon)

   Dex+6:     It affects your dexterity (+6).
   rC-:       It makes you vulnerable to cold.
Jewellery
 f - an amulet of regeneration (around neck)
 q - a ring of ice
Scrolls
 h - 2 scrolls of fear
 j - a scroll of poison
 o - a scroll of vulnerability {unknown}
 t - a scroll of teleportation {unknown}
Potions
 d - a potion of might
 e - a potion of enlightenment {unknown}
 i - a potion of curing
 k - a potion of ambrosia
 r - a potion of experience {unknown}
 w - a potion of brilliance {unknown}


   Skills:
 + Level 3.1 Fighting
 + Level 3.0 Axes
 + Level 4.7 Armour
 + Level 0.7 Dodging
 + Level 0.5 Stealth
 + Level 3.6 Shields


You had 4 spell levels left.
You didn't know any spells.
Your spell library contained the following spells:

 Spells                   Type           Power      Damage    Failure   Level
 Dazzling Flash           Conj/Hex       0%         N/A       82%         3
 Volatile Blastmotes      Fire/Tloc      0%         2d10      82%         3
 Starburst                Conj/Fire      0%         6d3       100%        6
 Maxwell's Capacitive Co  Air            0%         ∞         100%        8


Dungeon Overview and Level Annotations

Branches:
Dungeon (4/15)
 Temple: D:4-7

Altars:

Annotations:
D:4 Menkaure


Innate Abilities, Weirdness & Mutations

You are completely covered in rugged brown scales. (AC +3, +7% HP)
Armour fits poorly on your strangely shaped body.
You have a long armoured tail.
You roll when moving toward enemies. (Rampage)
Your long tongue fully drains potion bottles. (2x potion effects)
Your tongue gives you trouble enunciating. (1.5x scroll delay)


Message History

A goblin comes into view. It is wielding a +0 dagger.
Menkaure, Prince of Dust comes into view.
Menkaure shouts!
The goblin shouts!
You hear a shout!
The goblin unwields a +0 dagger.
The goblin wields a +0 sling.
The goblin shoots a sling bullet.
The sling bullet hits you but does no damage.
The goblin shoots a sling bullet.
The sling bullet hits you but does no damage.
Menkaure mumbles some strange words.
Menkaure seems to speed up.
You roll towards the goblin!
The goblin shoots a sling bullet.
The sling bullet barely misses you.
You roll towards the goblin!
A hobgoblin comes into view.
The hobgoblin shouts!
The goblin shoots a sling bullet.
You block the sling bullet.
You completely miss Menkaure. You block Menkaure's attack.
A hobgoblin comes into view.
Menkaure hits you!
The goblin unwields a +0 sling.
The goblin wields a +0 dagger.
The goblin hits you but does no damage.
Menkaure rustles drily.
Menkaure hits you but does no damage.
The hobgoblin shouts!
You hit Menkaure.
Your tail-slap misses Menkaure.
Menkaure is lightly damaged.
You hit the goblin but do no damage. Menkaure hits you!
The goblin hits you but does no damage. Menkaure hits you.
You hit Menkaure but do no damage.
Menkaure is lightly damaged.
You closely miss the goblin. Menkaure hits you!
* * * LOW HITPOINT WARNING * * *
You block the goblin's attack.
Menkaure points at you and mumbles some strange words.
Pain shoots through your body!
* * * LOW HITPOINT WARNING * * *
The hobgoblin hits you but does no damage.
The goblin hits you but does no damage.
Menkaure gestures at you while chanting.
Pain shoots through your body!
You die...

###. ##.##
#.###.#
#.....#
##.##..#
#...!..#
...####..#
#..# #!.#
#@g# #Mg#
#g.# ...#
##.# .# .#
.#


You could see Menkaure (fast), 2 hobgoblins and a goblin.

Vanquished Creatures
  4 adders
  4 gnolls (D:4)
  A worm (D:3)
  2 dart slugs
  5 orcs (D:3)
  2 endoplasms
  A giant cockroach (D:4)
  7 goblins
  5 hobgoblins
  3 jackals (D:1)
  4 quokkas
  7 ball pythons
  A bat (D:2)
  A frilled lizard (D:2)
  7 kobolds
  2 rats
56 creatures vanquished.

Notes
Turn   | Place    | Note
-------+----------+-------------------------------------------
     0 | D:1      | Sabo the Armataur Fighter began the quest for the Orb.
     0 | D:1      | Reached XP level 1. HP: 19/19 MP: 1/1
   201 | D:1      | Reached XP level 2. HP: 26/26 MP: 2/2
   204 | D:1      | Reached skill level 4 in Armour
  1357 | D:2      | Identified a scroll of acquirement
  1358 | D:2      | Acquired 808 gold pieces
  1385 | D:2      | Reached XP level 3. HP: 29/33 MP: 3/3
  2167 | D:3      | Reached XP level 4. HP: 40/40 MP: 4/4
  2324 | D:3      | Found a faded altar of an unknown god.
  2506 | D:3      | Identified the +2 robe "Rahexkol" {rC- Dex+6}
  2799 | D:4      | HP: 2/40 [gnoll/+0 spear (5)]
  2816 | D:4      | Reached XP level 5. HP: 43/48 MP: 5/5
  2835 | D:4      | Noticed Menkaure
  2841 | D:4      | Killed from afar by Menkaure

Illustrated notes

Levels and vault maps discovered:
D:1:      nzn_arrival_water_spiral, layout_basic
D:2:      layout_loops_cross, amcnicky_mini_rare_corridor_liquid,
          grunt_ministairs_15, minmay_pentomino_v2
D:3:      layout_rooms, serial_glass, glass_columns_a, glass_columns_b,
          glass_columns_a, glass_columns_a, glass_columns_c, glass_columns_a,
          shapermc_ecumenical_altar_acropolis
D:4:      old_forge, layout_loops_ring, minmay_temple_entry_junction,
          minmay_misc_feat_room, nicolae_shop_clearance, uniq_eustachio,
          uniq_ijyb, uniq_menkaure

Skill      XL: |  1  2  3  4 |
---------------+-------------+-----
Armour         | 4 |  4.7
Axes           | 2 3 |  3.0
Fighting       | 3 |  3.1
Dodging        | |  0.7
Stealth        | |  0.5
Shields        | |  3.6

Action                     |  1- 3 |  4- 6 || total
---------------------------+-------+-------++-------
  Melee: War axe           |    95 |    45 ||   140
         Tailslap          |     6 |     4 ||    10
    Use: Scroll            |     6 |     2 ||     8
         Potion            |       |     2 ||     2
 Armour: Scale mail        |    64 |    28 ||    92
         Robe              |       |    41 ||    41
  Dodge: Dodged            |    39 |    32 ||    71
  Block: Buckler           |    12 |    20 ||    32

Table legend: (Time is in decaauts)
 A = Elapsed time spent in this place.
 B = Non-inter-level travel time spent in this place.
 C = Inter-level travel time spent in this place.
 D = Time resting spent in this place.
 E = Time spent auto-exploring this place.
 F = Levels seen in this place.
 G = Mean time per level.
                   A        B        C        D        E       F      G
               +--------+--------+--------+--------+--------+-----+--------+
         Total |   2934 |   2934 |      0 |    204 |      0 |   4 |  733.5 |
       Dungeon |   2934 |   2934 |      0 |    204 |      0 |   4 |  733.5 |
               +--------+--------+--------+--------+--------+-----+--------+

Top non-repeatable levels by time:
     D:1: 1372 daAuts
     D:2: 780 daAuts
     D:3: 671 daAuts
     D:4: 110 daAuts
